Vancouver Canucks vs Winnipeg Jets

Created - Thursday, November 6, 2025 at 08:09

Goals
1 2 3 T
Vancouver Canucks 2 1 2 5
Winnipeg Jets 0 1 2 3
Shots
1 2 3 T
Vancouver Canucks 4 7 19 30
Winnipeg Jets 7 19 20 46

1st period

1. Vancouver Canucks , Aleksander Barkov 32 (Clayton Keller 48, Mikko Rantanen 49) at 16:07 (PP)
2. Vancouver Canucks , Clayton Keller 34 (Mikko Rantanen 50) at 17:16 (PP)

Penalties :
Taylor Hall (WPG) for Tripping (Minor) at 4:57, Adam Lowry (WPG) for Roughing (Minor) at 15:51, Derek Forbort (WPG) for Cross-checking (Minor) at 17:15

2nd period

3. Winnipeg Jets , Nino Niederreiter 5 (Connor Bedard 44, Adam Lowry 40) at 3:53
4. Vancouver Canucks , Mikko Rantanen 38 (Clayton Keller 49) at 5:12 (PP)

Penalties :
Nino Niederreiter (WPG) for Delaying the game (Minor) at 1:26, Jason Zucker (WPG) for Holding (Minor) at 4:58, Mikko Rantanen (VAN) for Hooking (Minor) at 6:24

3rd period

5. Vancouver Canucks , Connor Zary 22 (Jake Bean 8, Anton Lundell 10) at 2:45
6. Winnipeg Jets , Derek Forbort 4 (Connor Bedard 45, Jason Zucker 39) at 5:52 (PP)
7. Winnipeg Jets , Adam Lowry 19 (Connor Bedard 46) at 7:00 (SH)
8. Vancouver Canucks , Artturi Lehkonen 23 (Anton Lundell 11) at 19:55

Penalties :
Jesperi Kotkaniemi (VAN) for Tripping (Minor) at 5:02, Ridly Greig (WPG) for Tripping (Minor) at 6:16, Derek Forbort (WPG) for Slashing (Minor) at 17:26

Goalie Stats

Cam Talbot (VAN), 43 saves from 46 shots - (0.935), W, 17-14-3, 60:00 minutes
Jonas Johansson (WPG), 25 saves from 30 shots - (0.833), L, 3-6-0, 60:00 minutes

Players Stats for Vancouver Canucks

Player Name              G  A  P  +/- PIM S  H  SB GA TA FO     MP     PP MP  PK MP  
------------------------------------------------------------------------------------
Aleksander Barkov        1  0  1   1  0   5  2  0  1  0  16/22  17:49   4:16   1:20 
Anton Lundell            0  2  2   2  0   1  1  1  1  0  2/3    14:43   0:23   1:23 
Artturi Lehkonen         1  0  1   0  0   2  0  0  0  0  1/1    20:49   2:54   1:04 
Bobby McMann             0  0  0  -1  0   3  1  0  3  0  0/0    12:00   0:39   0:00 
Brett Leason             0  0  0   1  0   0  1  0  0  0  0/0    10:24   0:27   1:16 
Casey Mittelstadt        0  0  0  -1  0   2  4  2  0  1  5/8    13:25   3:48   0:06 
Clayton Keller           1  2  3   0  0   3  0  0  0  1  8/15   20:26   3:36   0:00 
Connor Zary              1  0  1   0  0   3  0  0  0  0  0/1    16:21   3:48   0:00 
Emil Martinsen Lilleberg 0  0  0   0  0   0  2  3  0  1  0/0    25:04   3:53   2:06 
Jake Bean                0  1  1   0  0   0  0  4  0  1  0/0    17:05   0:00   0:00 
Jesperi Kotkaniemi       0  0  0  -1  2   1  0  0  0  0  0/0    13:00   0:40   0:29 
Joel Hanley              0  0  0   0  0   1  2  3  0  1  0/0    22:13   4:25   1:33 
Matias Maccelli          0  0  0   0  0   1  0  0  0  0  0/0     9:12   0:51   0:00 
Mikko Rantanen           1  2  3   0  2   4  4  1  1  0  1/5    20:38   3:36   0:00 
Miro Heiskanen           0  0  0   0  0   0  3  1  0  0  0/0    22:30   4:02   1:16 
Noah Hanifin             0  0  0   0  0   0  0  1  0  0  0/0     1:26   0:00   0:00 
Ryan McDonagh            0  0  0   0  0   2  3  4  0  2  0/0    28:20   4:34   0:43 
Sean Couturier           0  0  0  -1  0   2  2  0  0  0  2/3    11:44   0:23   0:00 

Players Stats for Winnipeg Jets

Player Name              G  A  P  +/- PIM S  H  SB GA TA FO     MP     PP MP  PK MP  
------------------------------------------------------------------------------------
Adam Lowry               1  1  2   2  2   4  3  0  0  0  12/21  17:09   1:04   3:38 
Alexander Kerfoot        0  0  0   0  0   3  1  1  0  1  0/1    13:36   1:04   0:00 
Alexis Lafreniere        0  0  0   0  0   0  0  0  0  0  0/0     8:10   0:06   0:01 
Connor Bedard            0  3  3   1  0   5  1  0  0  0  0/0    19:04   1:22   3:54 
Derek Forbort            1  0  1  -1  4   2  2  0  0  1  0/0    21:38   1:23   3:12 
Haydn Fleury             0  0  0   0  0   1  1  2  0  0  0/0    17:11   1:23   0:06 
Jason Zucker             0  1  1  -2  2   5  2  1  1  2  0/0    19:53   1:29   4:18 
Joel Armia               0  0  0   0  0   1  1  0  0  0  0/0     8:39   0:27   0:00 
Matvei Michkov           0  0  0   0  0   4  0  0  0  0  0/3    14:34   0:06   0:31 
Michael Kesselring       0  0  0   0  0   0  0  1  1  1  0/0    21:14   0:00   4:17 
Mikael Backlund          0  0  0  -2  0   5  1  1  0  0  8/24   20:08   1:29   4:32 
Nate Schmidt             0  0  0  -1  0   3  0  1  0  0  0/0    22:08   1:26   4:07 
Nino Niederreiter        1  0  1   1  2   2  0  0  0  0  2/3     8:07   0:00   0:00 
Oliver Ekman-Larsson     0  0  0   0  0   0  2  1  0  0  0/0    23:02   1:26   5:09 
Ridly Greig              0  0  0   0  2   6  2  0  2  1  0/1    13:52   1:04   0:00 
Sean Durzi               0  0  0   1  0   1  2  0  0  0  0/0    15:15   0:00   0:03 
Taylor Hall              0  0  0   0  2   2  1  0  3  0  0/0    14:12   0:16   0:00 
Vladislav Namestnikov    0  0  0   0  0   2  1  0  0  0  1/5    13:34   0:00   0:00 

3 Stars

1 - Mikko Rantanen (VAN)
2 - Clayton Keller (VAN)
3 - Anton Lundell (VAN)

Power Play

Vancouver Canucks - 3 on 7 Attempt(s) - 42.86%
Winnipeg Jets - 1 on 2 Attempt(s) - 50.00%

Penalty Kill

Vancouver Canucks - 1 on 2 Attempt(s) - 50.00% - Score 0 goal in Penalty Kill
Winnipeg Jets - 4 on 7 Attempt(s) - 57.14% - Score 1 goal in Penalty Kill

Team Stat

Vancouver Canucks - Hits : 25 - Faceoff Wins : 35 - Blocked Shots : 20 - Penalty Minutes : 4
Winnipeg Jets - Hits : 20 - Faceoff Wins : 23 - Blocked Shots : 8 - Penalty Minutes : 14

Official

Referees : Wes Mccauley and Dan O'Rourke
Linesman : Kilian McNamara and David Brisebois

Game Notes

Noah Hanifin is injured at 1:25 of 1st period (Sprained Left Finger)

Finance

Level 1 -- Attendance: 5482 (91.37%) -- Ticket Income $504,344
Level 2 -- Attendance: 4618 (92.36%) -- Ticket Income $253,990
Level 3 -- Attendance: 2960 (98.67%) -- Ticket Income $88,800
Level 4 -- Attendance: 4394 (87.88%) -- Ticket Income $96,668
Luxury Box -- Attendance: 993 (99.30%) -- Ticket Income $188,670
Game was played at the MTS Centre.
Total Attendance: 18447 (92.24%)
Total Ticket Income: $1,132,472
Other Income: $396,365
Total Income: $1,528,837

Vancouver Canucks

5 vs 5 Forward 
   Center                   Left Wing                Right Wing               Time % Phy DF OF 
 1 Clayton Keller           Artturi Lehkonen         Mikko Rantanen           37     1   1  3  
 2 Aleksander Barkov        Connor Zary              Anton Lundell            28     1   2  2  
 3 Sean Couturier           Jesperi Kotkaniemi       Bobby McMann             21     1   2  2  
 4 Casey Mittelstadt        Matias Maccelli          Brett Leason             14     1   3  1  

5 vs 5 Defense 
   Defense                  Defense                                           Time % Phy DF OF 
 1 Noah Hanifin             Miro Heiskanen                                    30     1   2  2  
 2 Ryan McDonagh            Joel Hanley                                       30     1   2  2  
 3 Jake Bean                Emil Martinsen Lilleberg                          25     1   2  2  
 4 Noah Hanifin             Miro Heiskanen                                    15     1   2  2  

PowerPlay Forward 
   Center                   Left Wing                Right Wing               Time % Phy DF OF 
 1 Aleksander Barkov        Clayton Keller           Mikko Rantanen           50     0   1  4  
 2 Casey Mittelstadt        Connor Zary              Artturi Lehkonen         50     0   1  4  

PowerPlay Defense
   Defense                  Defense                                           Time % Phy DF OF 
 1 Noah Hanifin             Miro Heiskanen                                    50     0   1  4  
 2 Ryan McDonagh            Joel Hanley                                       50     0   1  4  

Penalty Kill 4 Players Forward 
   Center                   Wing                     Time % Phy DF OF 
 1 Anton Lundell            Brett Leason             50     1   2  2  
 2 Aleksander Barkov        Artturi Lehkonen         50     1   2  2  

Penalty Kill 4 Players Defense
   Defense                  Defense                  Time % Phy DF OF 
 1 Ryan McDonagh            Joel Hanley              50     1   2  2  
 2 Noah Hanifin             Miro Heiskanen           50     1   2  2  

Penalty Kill - 3 Players Forward 
   Forward                                           Time % Phy DF OF 
 1 Anton Lundell                                     50     1   2  2  
 2 Brett Leason                                      50     1   2  2  

Penalty Kill - 3 Players Defense
   Defense                  Defense                  Time % Phy DF OF 
 1 Ryan McDonagh            Joel Hanley              50     1   2  2  
 2 Noah Hanifin             Miro Heiskanen           50     1   2  2  

4 vs 4 Forward 
   Center                   Wing                     Time % Phy DF OF 
 1 Clayton Keller           Mikko Rantanen           50     1   2  2  
 2 Aleksander Barkov        Artturi Lehkonen         50     1   2  2  

4 vs 4 Defense
   Defense                  Defense                  Time % Phy DF OF 
 1 Noah Hanifin             Miro Heiskanen           50     1   2  2  
 2 Ryan McDonagh            Joel Hanley              50     1   2  2  

Last Minutes Offensive
   Center                   Left Wing                Right Wing               Defense                  Defense                  
   Aleksander Barkov        Clayton Keller           Mikko Rantanen           Noah Hanifin             Miro Heiskanen           

Last Minutes Defensive
   Center                   Left Wing                Right Wing               Defense                  Defense                  
   Anton Lundell            Artturi Lehkonen         Brett Leason             Ryan McDonagh            Joel Hanley              

Goaltenders
Starting : Cam Talbot               
Backup : Justus Annunen           

Extra Forwards
Normal : Mikko Rantanen, Artturi Lehkonen, Clayton Keller - PP : Mikko Rantanen, Clayton Keller - PK : Anton Lundell
Extra Defensemen
Normal : Miro Heiskanen, Noah Hanifin, Ryan McDonagh - PP : Miro Heiskanen - PK : Ryan McDonagh, Joel Hanley
Penalty Shots
Aleksander Barkov, Anton Lundell, Artturi Lehkonen, Jesperi Kotkaniemi, Noah Hanifin

Scratches
Ty Dellandrea (Healthy), Jacob Bernard-Docker (Healthy), Eemil Viro (Healthy), Jacob Bryson (Healthy)

Winnipeg Jets

5 vs 5 Forward 
   Center                   Left Wing                Right Wing               Time % Phy DF OF 
 1 Mikael Backlund          Jason Zucker             Connor Bedard            30     1   2  2  
 2 Adam Lowry               Ridly Greig              Alexander Kerfoot        30     1   2  2  
 3 Vladislav Namestnikov    Taylor Hall              Matvei Michkov           25     1   2  2  
 4 Nino Niederreiter        Alexis Lafreniere        Joel Armia               15     1   2  2  

5 vs 5 Defense 
   Defense                  Defense                                           Time % Phy DF OF 
 1 Oliver Ekman-Larsson     Michael Kesselring                                35     1   2  2  
 2 Nate Schmidt             Derek Forbort                                     35     1   2  2  
 3 Sean Durzi               Haydn Fleury                                      30     1   2  2  
 4 Oliver Ekman-Larsson     Nate Schmidt                                      0      1   2  2  

PowerPlay Forward 
   Center                   Left Wing                Right Wing               Time % Phy DF OF 
 1 Mikael Backlund          Jason Zucker             Connor Bedard            50     1   2  2  
 2 Adam Lowry               Ridly Greig              Alexander Kerfoot        50     1   2  2  

PowerPlay Defense
   Defense                  Defense                                           Time % Phy DF OF 
 1 Oliver Ekman-Larsson     Nate Schmidt                                      50     1   2  2  
 2 Haydn Fleury             Derek Forbort                                     50     1   2  2  

Penalty Kill 4 Players Forward 
   Center                   Wing                     Time % Phy DF OF 
 1 Mikael Backlund          Jason Zucker             50     1   2  2  
 2 Adam Lowry               Connor Bedard            50     1   2  2  

Penalty Kill 4 Players Defense
   Defense                  Defense                  Time % Phy DF OF 
 1 Oliver Ekman-Larsson     Michael Kesselring       50     1   2  2  
 2 Nate Schmidt             Derek Forbort            50     1   2  2  

Penalty Kill - 3 Players Forward 
   Forward                                           Time % Phy DF OF 
 1 Mikael Backlund                                   50     1   2  2  
 2 Jason Zucker                                      50     1   2  2  

Penalty Kill - 3 Players Defense
   Defense                  Defense                  Time % Phy DF OF 
 1 Oliver Ekman-Larsson     Haydn Fleury             50     1   2  2  
 2 Nate Schmidt             Derek Forbort            50     1   2  2  

4 vs 4 Forward 
   Center                   Wing                     Time % Phy DF OF 
 1 Mikael Backlund          Jason Zucker             50     1   2  2  
 2 Adam Lowry               Connor Bedard            50     1   2  2  

4 vs 4 Defense
   Defense                  Defense                  Time % Phy DF OF 
 1 Oliver Ekman-Larsson     Nate Schmidt             50     1   2  2  
 2 Sean Durzi               Derek Forbort            50     1   2  2  

Last Minutes Offensive
   Center                   Left Wing                Right Wing               Defense                  Defense                  
   Mikael Backlund          Jason Zucker             Connor Bedard            Oliver Ekman-Larsson     Michael Kesselring       

Last Minutes Defensive
   Center                   Left Wing                Right Wing               Defense                  Defense                  
   Mikael Backlund          Jason Zucker             Connor Bedard            Oliver Ekman-Larsson     Michael Kesselring       

Goaltenders
Starting : Jonas Johansson          
Backup : Dustin Wolf              

Extra Forwards
Normal : Joel Armia, Taylor Hall, Matvei Michkov - PP : Joel Armia, Taylor Hall - PK : Matvei Michkov
Extra Defensemen
Normal : Derek Forbort, Oliver Ekman-Larsson, Nate Schmidt - PP : Oliver Ekman-Larsson - PK : Derek Forbort, Oliver Ekman-Larsson
Penalty Shots
Mikael Backlund, Jason Zucker, Adam Lowry, Connor Bedard, Ridly Greig

Scratches
Sam Steel (Healthy), Barclay Goodrow (Healthy), Dylan Samberg (Healthy), Eric Comrie (Healthy)

% Time on Ice - Vancouver Canucks

Lines # - Real PCT - Wanted PCT - Time Play
Normal Forward
1 - 33% - 37% - 16:09
2 - 26% - 28% - 12:33
3 - 23% - 21% - 11:21
4 - 17% - 14% - 8:21
Normal Defense
1 - 31% - 30% - 14:59
2 - 28% - 30% - 13:47
3 - 27% - 25% - 12:59
4 - 14% - 15% - 6:39
PP Forward
1 - 50% - 50% - 4:16
2 - 50% - 50% - 4:11
PP Defense
1 - 48% - 50% - 4:02
2 - 52% - 50% - 4:25
PK Forward
1 - 49% - 50% - 1:23
2 - 51% - 50% - 1:26
PK Defense
1 - 25% - 50% - 0:43
2 - 75% - 50% - 2:06
PK3 Forward
1 - 0% - 50%
2 - 0% - 50%
PK3 Defense
1 - 0% - 50%
2 - 0% - 50%
44 Forward
1 - 0% - 50%
2 - 0% - 50%
44 Defense
1 - 0% - 50%
2 - 0% - 50%
Last Minute Offensive  - 0:00
Last Minute Defensive  - 0:20
Total
Forward - 60:00
Defense - 60:00

% Time on Ice - Winnipeg Jets

Lines # - Real PCT - Wanted PCT - Time Play
Normal Forward
1 - 29% - 30% - 14:07
2 - 27% - 30% - 13:23
3 - 28% - 25% - 13:34
4 - 16% - 15% - 7:40
Normal Defense
1 - 35% - 35% - 17:00
2 - 35% - 35% - 17:00
3 - 30% - 30% - 14:44
4 - 0% - 0% - 0:00
PP Forward
1 - 59% - 50% - 1:39
2 - 41% - 50% - 1:10
PP Defense
1 - 51% - 50% - 1:26
2 - 49% - 50% - 1:23
PK Forward
1 - 54% - 50% - 4:32
2 - 46% - 50% - 3:55
PK Defense
1 - 51% - 50% - 4:17
2 - 49% - 50% - 4:10
PK3 Forward
1 - 0% - 50%
2 - 0% - 50%
PK3 Defense
1 - 0% - 50%
2 - 0% - 50%
44 Forward
1 - 0% - 50%
2 - 0% - 50%
44 Defense
1 - 0% - 50%
2 - 0% - 50%
Last Minute Offensive  - 0:00
Last Minute Defensive  - 0:00
Total
Forward - 60:00
Defense - 60:00

Play-by-Play

1st period


0:01 of 1st period - Mikael Backlund wins face-off versus Clayton Keller in neutral zone.
0:06 of 1st period - Snap shot by Connor Bedard.
0:06 of 1st period - Stopped by Cam Talbot without a rebound.
0:07 of 1st period - Mikael Backlund wins face-off versus Mikko Rantanen in Vancouver Canucks zone.
0:14 of 1st period - Snap shot by Connor Bedard.
0:14 of 1st period - Shot Misses the Net.
0:16 of 1st period - Snap shot by Mikael Backlund.
0:16 of 1st period - Shot Misses the Net.
0:46 of 1st period - Wrist shot by Connor Bedard.
0:46 of 1st period - Shot Misses the Net.
1:23 of 1st period - Snap shot by Connor Bedard.
1:23 of 1st period - Shot Blocked by Miro Heiskanen.
1:25 of 1st period - Slapshot by Mikael Backlund.
1:25 of 1st period - Shot Blocked by Noah Hanifin.
1:25 of 1st period - Noah Hanifin from Vancouver Canucks is injured at 1:25 of 1st period (Sprained Left Finger).
1:26 of 1st period - Aleksander Barkov wins face-off versus Ridly Greig in Vancouver Canucks zone.
1:31 of 1st period - Slapshot by Adam Lowry.
1:31 of 1st period - Stopped by Cam Talbot with a rebound.
1:51 of 1st period - Joel Hanley is hit by Taylor Hall and loses puck.
1:56 of 1st period - Snap shot by Matvei Michkov.
1:56 of 1st period - Stopped by Cam Talbot without a rebound.
1:57 of 1st period - Casey Mittelstadt wins face-off versus Vladislav Namestnikov in Vancouver Canucks zone.
2:13 of 1st period - Casey Mittelstadt is hit by Sean Durzi and loses puck.
3:01 of 1st period - Miro Heiskanen is hit by Alexander Kerfoot and loses puck.
3:20 of 1st period - Wrist shot by Mikael Backlund.
3:20 of 1st period - Shot Blocked by Ryan McDonagh.
3:45 of 1st period - Matvei Michkov is hit by Emil Martinsen Lilleberg and loses puck.
4:32 of 1st period - Backhand shot by Matvei Michkov.
4:32 of 1st period - Stopped by Cam Talbot with a rebound.
4:57 of 1st period - Minor Penalty to Taylor Hall for Tripping.
4:58 of 1st period - Mikael Backlund wins face-off versus Connor Zary in Winnipeg Jets zone.
5:51 of 1st period - Slapshot by Bobby McMann.
5:51 of 1st period - Stopped by Jonas Johansson with a rebound.
6:57 of 1st period - Penalty to Taylor Hall is over, Taylor Hall is back on ice.
7:07 of 1st period - Slapshot by Taylor Hall.
7:07 of 1st period - Shot Misses the Net.
7:57 of 1st period - Jake Bean is hit by Ridly Greig.
8:35 of 1st period - Emil Martinsen Lilleberg is hit by Oliver Ekman-Larsson and loses puck.
9:45 of 1st period - Clayton Keller is hit by Oliver Ekman-Larsson and loses puck.
9:56 of 1st period - Connor Bedard is hit by Casey Mittelstadt and loses puck.
10:37 of 1st period - Jesperi Kotkaniemi is hit by Jason Zucker and loses puck.
11:52 of 1st period - Snap shot by Jason Zucker.
11:52 of 1st period - Deflect By Miro Heiskanen.
11:52 of 1st period - Stopped by Cam Talbot with a rebound.
11:54 of 1st period - Snap shot by Mikael Backlund.
11:54 of 1st period - Shot Blocked by Casey Mittelstadt.
12:27 of 1st period - Emil Martinsen Lilleberg is hit by Sean Durzi and loses puck.
13:44 of 1st period - Icing by Haydn Fleury.
13:45 of 1st period - Adam Lowry wins face-off versus Mikko Rantanen in Winnipeg Jets zone.
14:16 of 1st period - Slapshot by Adam Lowry.
14:16 of 1st period - Deflect By Ridly Greig.
14:16 of 1st period - Shot Blocked by Ryan McDonagh.
14:16 of 1st period - Puck is out of play.
14:17 of 1st period - Aleksander Barkov wins face-off versus Mikael Backlund in Vancouver Canucks zone.
14:48 of 1st period - Nate Schmidt is hit by Mikko Rantanen and loses puck.
15:29 of 1st period - Wrist shot by Connor Bedard.
15:29 of 1st period - Stopped by Cam Talbot without a rebound.
15:30 of 1st period - Adam Lowry wins face-off versus Aleksander Barkov in Vancouver Canucks zone.
15:51 of 1st period - Minor Penalty to Adam Lowry for Roughing.
15:52 of 1st period - Aleksander Barkov wins face-off versus Matvei Michkov in Winnipeg Jets zone.
16:05 of 1st period - Slapshot by Aleksander Barkov.
16:05 of 1st period - Shot Blocked by Oliver Ekman-Larsson.
16:07 of 1st period - Slapshot by Aleksander Barkov.
16:07 of 1st period - Goal by Aleksander Barkov - Vancouver Canucks : 1 - Winnipeg Jets : 0.
16:08 of 1st period - Aleksander Barkov wins face-off versus Mikael Backlund in neutral zone.
16:44 of 1st period - Slapshot by Mikko Rantanen.
16:44 of 1st period - Shot Misses the Net.
17:15 of 1st period - Minor Penalty to Derek Forbort for Cross-checking.
17:16 of 1st period - Mikko Rantanen wins face-off versus Mikael Backlund in Winnipeg Jets zone.
17:16 of 1st period - Snap shot by Clayton Keller.
17:16 of 1st period - Goal by Clayton Keller - Vancouver Canucks : 2 - Winnipeg Jets : 0.
17:17 of 1st period - Mikael Backlund wins face-off versus Aleksander Barkov in neutral zone.
17:27 of 1st period - Snap shot by Connor Zary.
17:27 of 1st period - Shot Misses the Net.
17:29 of 1st period - Snap shot by Anton Lundell.
17:29 of 1st period - Stopped by Jonas Johansson without a rebound.
17:30 of 1st period - Aleksander Barkov wins face-off versus Mikael Backlund in Winnipeg Jets zone.
17:45 of 1st period - Snap shot by Mikael Backlund.
17:45 of 1st period - Shot Blocked by Ryan McDonagh.
17:47 of 1st period - Slapshot by Jason Zucker.
17:47 of 1st period - Shot Blocked by Joel Hanley.
17:57 of 1st period - Alexander Kerfoot is hit by Mikko Rantanen and loses puck.
18:52 of 1st period - Slapshot by Alexis Lafreniere.
18:52 of 1st period - Deflect By Nino Niederreiter.
18:52 of 1st period - Stopped by Cam Talbot with a rebound.
19:04 of 1st period - Snap shot by Aleksander Barkov.
19:04 of 1st period - Shot Misses the Net.
Goals for this period are 2 for Vancouver Canucks vs 0 for Winnipeg Jets.
Shots for this period are 4 for Vancouver Canucks vs 7 for Winnipeg Jets.

2nd period


0:01 of 2nd period - Clayton Keller wins face-off versus Mikael Backlund in neutral zone.
0:08 of 2nd period - Backhand shot by Jason Zucker.
0:08 of 2nd period - Stopped by Cam Talbot with a rebound.
0:10 of 2nd period - Snap shot by Mikael Backlund.
0:10 of 2nd period - Stopped by Cam Talbot with a rebound.
0:12 of 2nd period - Snap shot by Mikael Backlund.
0:12 of 2nd period - Stopped by Cam Talbot without a rebound.
0:13 of 2nd period - Mikael Backlund wins face-off versus Anton Lundell in Vancouver Canucks zone.
0:26 of 2nd period - Slapshot by Connor Zary.
0:26 of 2nd period - Shot Misses the Net.
0:28 of 2nd period - Snap shot by Connor Zary.
0:28 of 2nd period - Stopped by Jonas Johansson with a rebound.
0:38 of 2nd period - Michael Kesselring is hit by Joel Hanley.
1:00 of 2nd period - Derek Forbort is hit by Miro Heiskanen and loses puck.
1:26 of 2nd period - Minor Penalty to Nino Niederreiter for Delaying the game.
1:27 of 2nd period - Aleksander Barkov wins face-off versus Mikael Backlund in Winnipeg Jets zone.
1:46 of 2nd period - Adam Lowry is hit by Joel Hanley and loses puck.
2:17 of 2nd period - Wrist shot by Connor Bedard.
2:17 of 2nd period - Shot Blocked by Emil Martinsen Lilleberg.
3:26 of 2nd period - Penalty to Nino Niederreiter is over, Nino Niederreiter is back on ice.
3:29 of 2nd period - Casey Mittelstadt is hit by Adam Lowry and loses puck.
3:40 of 2nd period - Nino Niederreiter is hit by Miro Heiskanen and loses puck.
3:49 of 2nd period - Wrist shot by Adam Lowry.
3:49 of 2nd period - Shot Misses the Net.
3:51 of 2nd period - Snap shot by Connor Bedard.
3:51 of 2nd period - Shot Misses the Net.
3:53 of 2nd period - Wrist shot by Nino Niederreiter.
3:53 of 2nd period - Goal by Nino Niederreiter - Vancouver Canucks : 2 - Winnipeg Jets : 1.
3:54 of 2nd period - Sean Couturier wins face-off versus Matvei Michkov in neutral zone.
4:02 of 2nd period - Snap shot by Taylor Hall.
4:02 of 2nd period - Stopped by Cam Talbot with a rebound.
4:04 of 2nd period - Slapshot by Sean Durzi.
4:04 of 2nd period - Shot Misses the Net.
4:06 of 2nd period - Wrist shot by Vladislav Namestnikov.
4:06 of 2nd period - Shot Blocked by Joel Hanley.
4:08 of 2nd period - Slapshot by Sean Durzi.
4:08 of 2nd period - Shot Misses the Net.
4:10 of 2nd period - Snap shot by Vladislav Namestnikov.
4:10 of 2nd period - Shot Misses the Net.
4:50 of 2nd period - Snap shot by Aleksander Barkov.
4:50 of 2nd period - Stopped by Jonas Johansson with a rebound.
4:52 of 2nd period - Wrist shot by Ryan McDonagh.
4:52 of 2nd period - Stopped by Jonas Johansson with a rebound.
4:58 of 2nd period - Minor Penalty to Jason Zucker for Holding.
4:59 of 2nd period - Aleksander Barkov wins face-off versus Matvei Michkov in Winnipeg Jets zone.
5:12 of 2nd period - Snap shot by Mikko Rantanen.
5:12 of 2nd period - Goal by Mikko Rantanen - Vancouver Canucks : 3 - Winnipeg Jets : 1.
5:13 of 2nd period - Mikael Backlund wins face-off versus Clayton Keller in neutral zone.
5:22 of 2nd period - Snap shot by Jason Zucker.
5:22 of 2nd period - Stopped by Cam Talbot without a rebound.
5:23 of 2nd period - Clayton Keller wins face-off versus Mikael Backlund in Vancouver Canucks zone.
5:23 of 2nd period - Clayton Keller is hit by Haydn Fleury.
6:24 of 2nd period - Minor Penalty to Mikko Rantanen for Hooking.
6:25 of 2nd period - Anton Lundell wins face-off versus Alexander Kerfoot in Vancouver Canucks zone.
7:01 of 2nd period - Nate Schmidt is hit by Brett Leason and loses puck.
8:24 of 2nd period - Penalty to Mikko Rantanen is over, Mikko Rantanen is back on ice.
9:00 of 2nd period - Wrist shot by Mikko Rantanen.
9:00 of 2nd period - Deflect By Clayton Keller.
9:00 of 2nd period - Stopped by Jonas Johansson with a rebound.
9:12 of 2nd period - Taylor Hall is hit by Ryan McDonagh and loses puck.
9:37 of 2nd period - Mikael Backlund is hit by Mikko Rantanen and loses puck.
9:50 of 2nd period - Nino Niederreiter is hit by Miro Heiskanen and loses puck.
10:03 of 2nd period - Alexander Kerfoot is hit by Anton Lundell and loses puck.
10:16 of 2nd period - Nate Schmidt is hit by Emil Martinsen Lilleberg and loses puck.
10:49 of 2nd period - Clayton Keller is hit by Vladislav Namestnikov.
10:55 of 2nd period - Wrist shot by Vladislav Namestnikov.
10:55 of 2nd period - Stopped by Cam Talbot with a rebound.
11:57 of 2nd period - Snap shot by Joel Armia.
11:57 of 2nd period - Stopped by Cam Talbot without a rebound.
11:58 of 2nd period - Clayton Keller wins face-off versus Nino Niederreiter in Vancouver Canucks zone.
11:58 of 2nd period - Clayton Keller is hit by Joel Armia.
13:09 of 2nd period - Wrist shot by Matvei Michkov.
13:09 of 2nd period - Stopped by Cam Talbot without a rebound.
13:10 of 2nd period - Aleksander Barkov wins face-off versus Adam Lowry in Vancouver Canucks zone.
13:10 of 2nd period - Aleksander Barkov is hit by Adam Lowry.
13:18 of 2nd period - Wrist shot by Ridly Greig.
13:18 of 2nd period - Stopped by Cam Talbot with a rebound.
14:58 of 2nd period - Snap shot by Adam Lowry.
14:58 of 2nd period - Stopped by Cam Talbot without a rebound.
14:59 of 2nd period - Artturi Lehkonen wins face-off versus Adam Lowry in Vancouver Canucks zone.
15:10 of 2nd period - Wrist shot by Clayton Keller.
15:10 of 2nd period - Stopped by Jonas Johansson with a rebound.
15:20 of 2nd period - Artturi Lehkonen is hit by Adam Lowry and loses puck.
15:29 of 2nd period - Slapshot by Alexander Kerfoot.
15:29 of 2nd period - Shot Blocked by Emil Martinsen Lilleberg.
15:33 of 2nd period - Wrist shot by Alexander Kerfoot.
15:33 of 2nd period - Stopped by Cam Talbot with a rebound.
15:37 of 2nd period - Wrist shot by Alexander Kerfoot.
15:37 of 2nd period - Stopped by Cam Talbot with a rebound.
15:39 of 2nd period - Slapshot by Nate Schmidt.
15:39 of 2nd period - Shot Misses the Net.
15:41 of 2nd period - Snap shot by Ridly Greig.
15:41 of 2nd period - Stopped by Cam Talbot without a rebound.
15:42 of 2nd period - Aleksander Barkov wins face-off versus Mikael Backlund in Vancouver Canucks zone.
15:42 of 2nd period - Aleksander Barkov is hit by Jason Zucker.
15:58 of 2nd period - Snap shot by Aleksander Barkov.
15:58 of 2nd period - Stopped by Jonas Johansson with a rebound.
16:10 of 2nd period - Vladislav Namestnikov is hit by Bobby McMann and loses puck.
16:51 of 2nd period - Slapshot by Oliver Ekman-Larsson.
16:51 of 2nd period - Shot Blocked by Jake Bean.
16:53 of 2nd period - Snap shot by Connor Bedard.
16:53 of 2nd period - Shot Blocked by Jake Bean.
17:35 of 2nd period - Snap shot by Bobby McMann.
17:35 of 2nd period - Shot Blocked by Nate Schmidt.
17:53 of 2nd period - Alexis Lafreniere is hit by Ryan McDonagh.
18:13 of 2nd period - Sean Durzi is hit by Aleksander Barkov and loses puck.
18:17 of 2nd period - Icing by Jason Zucker.
18:18 of 2nd period - Aleksander Barkov wins face-off versus Mikael Backlund in Winnipeg Jets zone.
18:25 of 2nd period - Wrist shot by Connor Bedard.
18:25 of 2nd period - Stopped by Cam Talbot with a rebound.
18:27 of 2nd period - Slapshot by Haydn Fleury.
18:27 of 2nd period - Shot Misses the Net.
18:29 of 2nd period - Snap shot by Mikael Backlund.
18:29 of 2nd period - Stopped by Cam Talbot with a rebound.
18:31 of 2nd period - Slapshot by Haydn Fleury.
18:31 of 2nd period - Stopped by Cam Talbot with a rebound.
18:33 of 2nd period - Snap shot by Mikael Backlund.
18:33 of 2nd period - Stopped by Cam Talbot with a rebound.
18:49 of 2nd period - Wrist shot by Jason Zucker.
18:49 of 2nd period - Stopped by Cam Talbot without a rebound.
18:50 of 2nd period - Clayton Keller wins face-off versus Adam Lowry in Vancouver Canucks zone.
18:59 of 2nd period - Clayton Keller is hit by Derek Forbort and loses puck.
19:23 of 2nd period - Snap shot by Matvei Michkov.
19:23 of 2nd period - Shot Misses the Net.
19:46 of 2nd period - Joel Armia is hit by Casey Mittelstadt and loses puck.
Goals for this period are 1 for Vancouver Canucks vs 1 for Winnipeg Jets.
Shots for this period are 7 for Vancouver Canucks vs 19 for Winnipeg Jets.

3rd period


0:01 of 3rd period - Adam Lowry wins face-off versus Clayton Keller in neutral zone.
0:56 of 3rd period - Off-side.
0:57 of 3rd period - Clayton Keller wins face-off versus Adam Lowry in neutral zone.
1:00 of 3rd period - Wrist shot by Mikko Rantanen.
1:00 of 3rd period - Shot Misses the Net.
1:02 of 3rd period - Slapshot by Ryan McDonagh.
1:02 of 3rd period - Deflect By Clayton Keller.
1:02 of 3rd period - Shot Misses the Net.
1:02 of 3rd period - Puck is out of play.
1:03 of 3rd period - Clayton Keller wins face-off versus Adam Lowry in Winnipeg Jets zone.
1:04 of 3rd period - Wrist shot by Mikko Rantanen.
1:04 of 3rd period - Stopped by Jonas Johansson with a rebound.
1:06 of 3rd period - Snap shot by Artturi Lehkonen.
1:06 of 3rd period - Deflect By Ridly Greig.
1:06 of 3rd period - Stopped by Jonas Johansson with a rebound.
1:08 of 3rd period - Slapshot by Joel Hanley.
1:08 of 3rd period - Stopped by Jonas Johansson with a rebound.
1:10 of 3rd period - Slapshot by Joel Hanley.
1:10 of 3rd period - Shot Blocked by Alexander Kerfoot.
1:12 of 3rd period - Slapshot by Joel Hanley.
1:12 of 3rd period - Deflect By Clayton Keller.
1:12 of 3rd period - Shot Misses the Net.
1:12 of 3rd period - Puck is out of play.
1:13 of 3rd period - Adam Lowry wins face-off versus Clayton Keller in Winnipeg Jets zone.
1:13 of 3rd period - Adam Lowry is hit by Mikko Rantanen.
1:19 of 3rd period - Snap shot by Alexander Kerfoot.
1:19 of 3rd period - Shot Blocked by Jake Bean.
1:21 of 3rd period - Slapshot by Alexander Kerfoot.
1:21 of 3rd period - Stopped by Cam Talbot with a rebound.
1:23 of 3rd period - Slapshot by Nate Schmidt.
1:23 of 3rd period - Stopped by Cam Talbot with a rebound.
1:25 of 3rd period - Snap shot by Alexander Kerfoot.
1:25 of 3rd period - Shot Blocked by Jake Bean.
1:27 of 3rd period - Snap shot by Ridly Greig.
1:27 of 3rd period - Stopped by Cam Talbot without a rebound.
1:28 of 3rd period - Mikael Backlund wins face-off versus Aleksander Barkov in Vancouver Canucks zone.
1:33 of 3rd period - Snap shot by Jason Zucker.
1:33 of 3rd period - Deflect By Mikael Backlund.
1:33 of 3rd period - Stopped by Cam Talbot with a rebound.
1:35 of 3rd period - Slapshot by Nate Schmidt.
1:35 of 3rd period - Deflect By Aleksander Barkov.
1:35 of 3rd period - Stopped by Cam Talbot with a rebound.
1:37 of 3rd period - Slapshot by Nate Schmidt.
1:37 of 3rd period - Shot Misses the Net.
1:39 of 3rd period - Wrist shot by Connor Bedard.
1:39 of 3rd period - Shot Blocked by Anton Lundell.
2:01 of 3rd period - Snap shot by Matvei Michkov.
2:01 of 3rd period - Stopped by Cam Talbot with a rebound.
2:03 of 3rd period - Slapshot by Sean Durzi.
2:03 of 3rd period - Stopped by Cam Talbot without a rebound.
2:04 of 3rd period - Clayton Keller wins face-off versus Adam Lowry in Vancouver Canucks zone.
2:09 of 3rd period - Wrist shot by Ridly Greig.
2:09 of 3rd period - Stopped by Cam Talbot without a rebound.
2:10 of 3rd period - Adam Lowry wins face-off versus Clayton Keller in Vancouver Canucks zone.
2:23 of 3rd period - Wrist shot by Adam Lowry.
2:23 of 3rd period - Shot Blocked by Mikko Rantanen.
2:39 of 3rd period - Slapshot by Anton Lundell.
2:39 of 3rd period - Shot Blocked by Jason Zucker.
2:41 of 3rd period - Slapshot by Jake Bean.
2:41 of 3rd period - Shot Misses the Net.
2:43 of 3rd period - Slapshot by Connor Zary.
2:43 of 3rd period - Shot Blocked by Mikael Backlund.
2:45 of 3rd period - Slapshot by Connor Zary.
2:45 of 3rd period - Goal by Connor Zary - Vancouver Canucks : 4 - Winnipeg Jets : 1.
2:46 of 3rd period - Adam Lowry wins face-off versus Mikko Rantanen in neutral zone.
2:59 of 3rd period - Slapshot by Ridly Greig.
2:59 of 3rd period - Shot Misses the Net.
3:01 of 3rd period - Slapshot by Nate Schmidt.
3:01 of 3rd period - Stopped by Cam Talbot without a rebound.
3:02 of 3rd period - Aleksander Barkov wins face-off versus Vladislav Namestnikov in Vancouver Canucks zone.
3:16 of 3rd period - Snap shot by Aleksander Barkov.
3:16 of 3rd period - Stopped by Jonas Johansson with a rebound.
3:18 of 3rd period - Snap shot by Aleksander Barkov.
3:18 of 3rd period - Stopped by Jonas Johansson with a rebound.
3:28 of 3rd period - Vladislav Namestnikov is hit by Sean Couturier and loses puck.
3:49 of 3rd period - Slapshot by Taylor Hall.
3:49 of 3rd period - Stopped by Cam Talbot with a rebound.
4:10 of 3rd period - Wrist shot by Jesperi Kotkaniemi.
4:10 of 3rd period - Stopped by Jonas Johansson with a rebound.
4:18 of 3rd period - Wrist shot by Bobby McMann.
4:18 of 3rd period - Stopped by Jonas Johansson with a rebound.
4:46 of 3rd period - Matvei Michkov is hit by Sean Couturier and loses puck.
4:57 of 3rd period - Wrist shot by Taylor Hall.
4:57 of 3rd period - Shot Misses the Net.
5:02 of 3rd period - Minor Penalty to Jesperi Kotkaniemi for Tripping.
5:03 of 3rd period - Aleksander Barkov wins face-off versus Mikael Backlund in Vancouver Canucks zone.
5:03 of 3rd period - Aleksander Barkov is hit by Derek Forbort.
5:11 of 3rd period - Off-side.
5:12 of 3rd period - Anton Lundell wins face-off versus Mikael Backlund in neutral zone.
5:46 of 3rd period - Slapshot by Jason Zucker.
5:46 of 3rd period - Shot Blocked by Emil Martinsen Lilleberg.
5:50 of 3rd period - Snap shot by Connor Bedard.
5:50 of 3rd period - Shot Misses the Net.
5:52 of 3rd period - Snap shot by Derek Forbort.
5:52 of 3rd period - Goal by Derek Forbort - Vancouver Canucks : 4 - Winnipeg Jets : 2.
5:53 of 3rd period - Adam Lowry wins face-off versus Clayton Keller in neutral zone.
6:16 of 3rd period - Minor Penalty to Ridly Greig for Tripping.
6:17 of 3rd period - Adam Lowry wins face-off versus Aleksander Barkov in Winnipeg Jets zone.
6:43 of 3rd period - Mikael Backlund is hit by Casey Mittelstadt and loses puck.
6:50 of 3rd period - Snap shot by Derek Forbort.
6:50 of 3rd period - Stopped by Cam Talbot without a rebound.
6:51 of 3rd period - Adam Lowry wins face-off versus Casey Mittelstadt in Vancouver Canucks zone.
6:54 of 3rd period - Backhand shot by Connor Bedard.
6:54 of 3rd period - Stopped by Cam Talbot with a rebound.
6:56 of 3rd period - Snap shot by Connor Bedard.
6:56 of 3rd period - Shot Blocked by Casey Mittelstadt.
6:58 of 3rd period - Slapshot by Connor Bedard.
6:58 of 3rd period - Stopped by Cam Talbot with a rebound.
7:00 of 3rd period - Snap shot by Adam Lowry.
7:00 of 3rd period - Goal by Adam Lowry - Vancouver Canucks : 4 - Winnipeg Jets : 3.
7:01 of 3rd period - Aleksander Barkov wins face-off versus Adam Lowry in neutral zone.
7:14 of 3rd period - Oliver Ekman-Larsson is hit by Ryan McDonagh and loses puck.
8:03 of 3rd period - Icing by Aleksander Barkov.
8:04 of 3rd period - Mikael Backlund wins face-off versus Aleksander Barkov in Vancouver Canucks zone.
8:16 of 3rd period - Penalty to Ridly Greig is over, Ridly Greig is back on ice.
8:30 of 3rd period - Wrist shot by Sean Couturier.
8:30 of 3rd period - Stopped by Jonas Johansson with a rebound.
8:32 of 3rd period - Wrist shot by Sean Couturier.
8:32 of 3rd period - Deflect By Mikael Backlund.
8:32 of 3rd period - Stopped by Jonas Johansson without a rebound.
8:33 of 3rd period - Nino Niederreiter wins face-off versus Clayton Keller in Winnipeg Jets zone.
9:09 of 3rd period - Slapshot by Connor Zary.
9:09 of 3rd period - Stopped by Jonas Johansson with a rebound.
10:33 of 3rd period - Slapshot by Alexander Kerfoot.
10:33 of 3rd period - Deflect By Ridly Greig.
10:33 of 3rd period - Stopped by Cam Talbot with a rebound.
10:35 of 3rd period - Snap shot by Adam Lowry.
10:35 of 3rd period - Shot Blocked by Ryan McDonagh.
11:11 of 3rd period - Snap shot by Bobby McMann.
11:11 of 3rd period - Stopped by Jonas Johansson with a rebound.
11:23 of 3rd period - Miro Heiskanen is hit by Mikael Backlund.
11:58 of 3rd period - Wrist shot by Ridly Greig.
11:58 of 3rd period - Stopped by Cam Talbot with a rebound.
12:48 of 3rd period - Connor Bedard is hit by Casey Mittelstadt and loses puck.
13:20 of 3rd period - Slapshot by Alexander Kerfoot.
13:20 of 3rd period - Shot Misses the Net.
13:22 of 3rd period - Wrist shot by Adam Lowry.
13:22 of 3rd period - Shot Misses the Net.
13:24 of 3rd period - Wrist shot by Nate Schmidt.
13:24 of 3rd period - Deflect By Ridly Greig.
13:24 of 3rd period - Shot Misses the Net.
13:24 of 3rd period - Puck is out of play.
13:25 of 3rd period - Aleksander Barkov wins face-off versus Adam Lowry in Vancouver Canucks zone.
13:45 of 3rd period - Connor Zary is hit by Ridly Greig and loses puck.
13:50 of 3rd period - Wrist shot by Adam Lowry.
13:50 of 3rd period - Stopped by Cam Talbot without a rebound.
13:51 of 3rd period - Clayton Keller wins face-off versus Mikael Backlund in Vancouver Canucks zone.
14:19 of 3rd period - Off-side.
14:20 of 3rd period - Vladislav Namestnikov wins face-off versus Casey Mittelstadt in neutral zone.
14:23 of 3rd period - Snap shot by Vladislav Namestnikov.
14:23 of 3rd period - Shot Blocked by Joel Hanley.
14:25 of 3rd period - Snap shot by Vladislav Namestnikov.
14:25 of 3rd period - Stopped by Cam Talbot without a rebound.
14:26 of 3rd period - Adam Lowry wins face-off versus Mikko Rantanen in Vancouver Canucks zone.
15:13 of 3rd period - Off-side.
15:14 of 3rd period - Casey Mittelstadt wins face-off versus Vladislav Namestnikov in neutral zone.
15:19 of 3rd period - Slapshot by Casey Mittelstadt.
15:19 of 3rd period - Stopped by Jonas Johansson without a rebound.
15:20 of 3rd period - Casey Mittelstadt wins face-off versus Vladislav Namestnikov in Winnipeg Jets zone.
15:55 of 3rd period - Wrist shot by Casey Mittelstadt.
15:55 of 3rd period - Shot Blocked by Haydn Fleury.
15:57 of 3rd period - Wrist shot by Matias Maccelli.
15:57 of 3rd period - Stopped by Jonas Johansson with a rebound.
16:36 of 3rd period - Off-side.
16:37 of 3rd period - Nino Niederreiter wins face-off versus Sean Couturier in neutral zone.
17:26 of 3rd period - Minor Penalty to Derek Forbort for Slashing.
17:27 of 3rd period - Aleksander Barkov wins face-off versus Adam Lowry in Winnipeg Jets zone.
17:28 of 3rd period - Snap shot by Clayton Keller.
17:28 of 3rd period - Shot Misses the Net.
17:30 of 3rd period - Snap shot by Mikko Rantanen.
17:30 of 3rd period - Stopped by Jonas Johansson without a rebound.
17:31 of 3rd period - Adam Lowry wins face-off versus Aleksander Barkov in Winnipeg Jets zone.
17:41 of 3rd period - Connor Bedard is hit by Aleksander Barkov and loses puck.
17:48 of 3rd period - Backhand shot by Mikko Rantanen.
17:48 of 3rd period - Stopped by Jonas Johansson without a rebound.
17:49 of 3rd period - Casey Mittelstadt wins face-off versus Mikael Backlund in Winnipeg Jets zone.
17:54 of 3rd period - Wrist shot by Artturi Lehkonen.
17:54 of 3rd period - Shot Misses the Net.
17:56 of 3rd period - Slapshot by Ryan McDonagh.
17:56 of 3rd period - Stopped by Jonas Johansson with a rebound.
17:58 of 3rd period - Slapshot by Ryan McDonagh.
17:58 of 3rd period - Deflect By Casey Mittelstadt.
17:58 of 3rd period - Shot Blocked by Michael Kesselring.
17:58 of 3rd period - Puck is out of play.
17:59 of 3rd period - Casey Mittelstadt wins face-off versus Mikael Backlund in Winnipeg Jets zone.
18:04 of 3rd period - Wrist shot by Casey Mittelstadt.
18:04 of 3rd period - Stopped by Jonas Johansson without a rebound.
18:05 of 3rd period - Adam Lowry wins face-off versus Casey Mittelstadt in Winnipeg Jets zone.
18:16 of 3rd period - Snap shot by Jason Zucker.
18:16 of 3rd period - Stopped by Cam Talbot without a rebound.
18:17 of 3rd period - Aleksander Barkov wins face-off versus Mikael Backlund in Vancouver Canucks zone.
18:36 of 3rd period - Clayton Keller is hit by Connor Bedard and loses puck.
19:26 of 3rd period - Penalty to Derek Forbort is over, Derek Forbort is back on ice.
19:53 of 3rd period - Snap shot by Anton Lundell.
19:53 of 3rd period - Shot Blocked by Haydn Fleury.
19:55 of 3rd period - Wrist shot by Artturi Lehkonen.
19:55 of 3rd period - Goal by Artturi Lehkonen - Vancouver Canucks : 5 - Winnipeg Jets : 3.
19:56 of 3rd period - Sean Couturier wins face-off versus Mikael Backlund in neutral zone.
Goals for this period are 2 for Vancouver Canucks vs 2 for Winnipeg Jets.
Shots for this period are 19 for Vancouver Canucks vs 20 for Winnipeg Jets.